Map: Galactic Process LE

Players

Matiz

  • Race: Zerg Zerg
  • Spawn Location: 7:00

IIIIIIIIIIII - Winner!

  • Race: Terran Terran
  • League: Grandmaster
  • Spawn Location: 1:00

VOD

Have the link to the VOD?

Description

Time

  • Played on: Nov. 13, 2016, 7:25 p.m.
  • Length: 12:45
Show
View Real Time Build Order
Export as new Build Order

Matiz Zerg 

Build Orders: Pool First 

Get SALT Encoding   

  12  0:02  Drone  
  13  0:14  Overlord  
  13  0:17  Drone  
  14  0:22  Extractor  
  14  0:23  Drone  
  15  0:32  Drone  
  16  0:36  Drone  
  17  0:47  Drone, Extractor  
  17  0:51  Spawning Pool  
  16  0:58  Drone  
  17  1:08  Drone  
  18  1:20  Hatchery  
  18  1:23  Drone  
  18  1:29  Drone  
  19  1:38  Queen  
  21  1:42  Zergling x2  
  22  1:55  Overlord  
  22  2:15  Roach Warren  
  22  2:21  Queen  
  23  2:24  Drone  
  23  2:25  Drone  
  25  2:38  Drone x3  
  25  2:43  Queen  
  29  2:51  Overlord  
  29  2:56  Roach x2  
  29  2:57  Roach  
  35  3:06  Overlord  
  35  3:10  Roach  
  37  3:17  Roach x2  
  37  3:19  Drone  
  42  3:31  Drone x3  
  42  3:33  Drone  
  46  3:39  Overlord  
  46  3:43  Ravager x2  
  48  3:48  Overlord  
  48  3:50  Overlord  
  48  3:58  Drone x3  
  51  4:03  Drone  
  52  4:13  Drone x5  
  57  4:21  Overlord  
  57  4:23  Drone x4  
  61  4:27  Drone x2  
  63  4:38  Hatchery  
  62  4:43  Drone x4  
  66  4:49  Drone x3  
  66  4:50  Drone  
  70  4:57  Metabolic Boost  
  70  5:01  Queen, Evolution Chamber  
  70  5:02  Evolution Chamber  
  70  5:03  Drone  
  70  5:06  Drone x2  
  73  5:11  Overlord  
  73  5:13  Drone x2  
  75  5:18  Drone  
  76  5:33  Zerg Ground Armor Level 1, Zerg Melee Weapons Level 1  
  76  5:35  Drone x4, Extractor  
  79  5:36  Drone  
  80  5:45  Drone x2, Overlord  
  80  5:46  Drone  
  83  5:54  Drone x2  
  83  5:55  Drone x3  
  88  5:57  Extractor, Queen  
  88  5:58  Extractor  
  88  6:02  Lair  
  88  6:06  Drone x5  
  93  6:13  Drone  
  94  6:21  Extractor, Queen  
  94  6:22  Extractor  
  94  6:25  Drone x4  
  98  6:26  Overlord  
  98  6:27  Overlord  
  98  6:30  Baneling Nest, Hatchery  
  96  6:35  Zergling x4  
  96  6:36  Overlord x2  
  98  6:51  Zergling x4  
  98  6:52  Zergling x10  
  98  6:54  Hatchery  
  104  7:04  Overlord  
  104  7:06  Zergling x8  
  104  7:08  Ravager x4  
  110  7:17  Centrifical Hooks  
  110  7:19  Infestation Pit  
  110  7:20  Queen  
  110  7:22  Hatchery  
  109  7:25  Overseer  
  109  7:27  Baneling x2  
  109  7:28  Baneling x2  
  109  7:40  Drone  
  109  7:41  Drone x3, Queen  
  115  7:45  Zerg Melee Weapons Level 2  
  115  7:46  Zerg Ground Armor Level 2  
  115  8:00  Pneumatized Carapace  
  115  8:02  Zergling x16  
  115  8:03  Hive  
  115  8:05  Drone x11  
  132  8:10  Zergling x4  
  132  8:11  Zergling x6  
  139  8:20  Extractor  
  139  8:21  Extractor, Zergling x6  
  139  8:22  Zergling x8  
  139  8:24  Baneling  
  139  8:25  Baneling x6  
  142  8:42  Zergling x2  
  142  8:43  Zergling x12  
  142  8:47  Baneling x11  
  149  8:50  Zergling x2  
  149  8:51  Overlord  
  149  8:52  Overlord  
  136  9:13  Overlord, Hatchery  
  130  9:33  Ultralisk Cavern  
  130  9:37  Spire  
  128  9:56  Zergling x14  
  128  9:57  Zergling x4  
  137  10:04  Zerg Melee Weapons Level 3  
  137  10:05  Adrenal Glands, Zerg Ground Armor Level 3  
  137  10:06  Overlord  
  137  10:07  Hatchery  
  137  10:13  Zergling x4  
  137  10:14  Zergling x16  
  144  10:22  Overlord x2  
  144  10:23  Chitinous Plating  
  155  10:28  Ultralisk x2  
  155  10:29  Ultralisk  
  157  10:57  Ultralisk x2  
  158  11:05  Corruptor x4  
  160  11:17  Corruptor  
  160  11:18  Corruptor  
  146  11:47  Corruptor x4  
  146  11:49  Zergling x4  
  146  11:50  Zergling x32  
  172  11:56  Drone x3  
  160  12:11  Extractor  
  159  12:18  Zergling x16  
  159  12:19  Zergling x2  
Show
View Real Time Build Order
Export as new Build Order

IIIIIIIIIIII Terran - Winner!

Build Orders: MMM Bio 

Get SALT Encoding   

  12  0:00  SCV  
  13  0:13  SCV  
  14  0:17  Supply Depot  
  14  0:25  SCV  
  15  0:39  SCV  
  16  0:45  Barracks  
  16  0:46  Refinery  
  16  0:51  SCV  
  17  1:02  Barracks  
  17  1:05  SCV  
  18  1:17  SCV  
  19  1:32  Orbital Command, Reaper  
  20  1:37  Refinery  
  20  1:40  Supply Depot  
  20  1:49  Reaper  
  21  1:58  SCV  
  22  2:06  Reaper  
  23  2:10  SCV  
  24  2:21  Reaper  
  24  2:22  SCV  
  26  2:32  Command Center  
  26  2:34  SCV  
  27  2:41  Reaper  
  28  2:46  SCV  
  29  2:58  Marine, SCV  
  29  3:01  Factory, Supply Depot  
  31  3:23  Marine x2, SCV  
  34  3:35  SCV  
  35  3:42  Marine x2  
  35  3:47  SCV  
  38  3:49  Starport  
  38  3:50  Orbital Command, Factory Tech Lab  
  38  3:59  SCV  
  38  4:01  Barracks Tech Lab  
  38  4:02  Barracks Reactor  
  39  4:09  Siege Tank  
  42  4:11  SCV  
  42  4:17  SCV  
  42  4:19  Marine  
  42  4:22  Stimpack  
  42  4:23  SCV  
  45  4:26  Medivac  
  45  4:29  SCV  
  47  4:35  SCV  
  47  4:36  Command Center  
  48  4:43  Siege Tank  
  54  4:49  Supply Depot  
  54  4:50  SCV  
  54  4:51  SCV  
  53  4:53  Supply Depot  
  53  4:58  Engineering Bay  
  53  4:59  Engineering Bay  
  53  5:02  SCV  
  53  5:06  Refinery  
  54  5:09  Refinery  
  54  5:11  Medivac, SCV  
  57  5:14  Supply Depot  
  57  5:15  SCV  
  58  5:23  SCV  
  58  5:26  Siege Tank  
  58  5:27  SCV  
  63  5:29  Marine  
  63  5:30  Marine x2  
  63  5:35  SCV  
  67  5:41  Barracks  
  67  5:48  Marine x2  
  67  5:49  Marine, SCV  
  70  5:50  Orbital Command, SCV  
  70  5:52  Terran Infantry Weapons Level 1  
  70  5:55  Terran Infantry Armor Level 1  
  71  6:02  Medivac  
  71  6:03  SCV x2  
  75  6:14  Barracks  
  75  6:15  SCV x2  
  75  6:16  Siege Tank  
  80  6:22  Marine x3  
  80  6:23  SCV  
  83  6:27  SCV  
  84  6:33  Starport Reactor  
  84  6:34  Barracks Tech Lab  
  84  6:39  Barracks  
  84  6:42  SCV x3  
  84  6:44  Supply Depot  
  84  6:45  Marine x2, Marauder  
  91  6:54  SCV x2  
  92  6:55  Combat Shields  
  92  6:59  Supply Depot  
  92  7:00  Concussive Shells, SCV  
  92  7:01  Armory  
  93  7:02  Barracks Reactor  
  93  7:06  SCV x2  
  95  7:09  Siege Tank  
  95  7:10  Marine, Marauder  
  101  7:21  Marine, Supply Depot x2, SCV, Marauder  
  105  7:22  Refinery  
  105  7:28  Marine  
  105  7:29  Medivac, Supply Depot  
  108  7:31  Barracks Reactor  
  108  7:36  SCV  
  109  7:37  Refinery  
  109  7:42  Marine  
  109  7:43  Medivac, SCV x2, Marauder x2  
  121  7:49  SCV  
  121  7:51  Marine  
  123  7:55  SCV  
  123  7:56  SCV  
  125  7:59  Terran Infantry Weapons Level 2  
  125  8:01  SCV  
  125  8:02  Terran Infantry Armor Level 2  
  125  8:04  Marauder  
  125  8:06  Marine, Marauder  
  125  8:07  SCV  
  129  8:21  Barracks Reactor  
  129  8:22  Liberator  
  129  8:25  Marine x4, Terran Vehicle Weapons Level 1  
  133  8:29  Command Center  
  133  8:31  Supply Depot, Marauder x2  
  133  8:32  Supply Depot  
  132  8:41  Supply Depot  
  135  8:42  Marine  
  135  8:43  Marine  
  135  8:44  Liberator  
  135  8:48  Marine x2  
  139  8:52  Marauder  
  139  8:53  Marauder, Siege Tank  
  146  9:00  Marine x2  
  146  9:02  Marine x2  
  151  9:06  Marine  
  151  9:07  Liberator  
  154  9:14  Marine, Marauder x2  
  159  9:20  Marine  
  159  9:21  Barracks  
  159  9:23  Barracks  
  160  9:24  Barracks  
  160  9:28  Marine  
  160  9:29  Marine x3  
  163  9:31  Liberator  
  163  9:35  Marauder  
  163  9:36  Marauder  
  161  9:50  Liberator  
  161  9:52  Starport  
  164  9:54  Marine x3  
  164  9:56  Marauder  
  164  9:57  Marauder  
  171  10:03  Marine x2  
  173  10:07  Fusion Core  
  173  10:08  Supply Depot  
  176  10:15  Marine  
  176  10:16  Liberator, Siege Tank  
  180  10:28  Marine  
  180  10:29  Marine x3  
  180  10:30  Marauder x2  
  183  10:51  Marauder x2  
  183  10:55  Marine x2  
  180  10:57  Marine  
  180  10:58  Liberator  
  163  11:12  Marauder x2  
  163  11:15  Liberator  
  164  11:22  SCV x3  
  168  11:33  Marine x3  
  168  11:34  Marauder x2  
  168  11:37  Planetary Fortress  
  171  11:40  Marine x3  
  171  11:41  Liberator  
  174  11:51  Marine  
  174  11:54  SCV x2  
  177  11:55  Marauder x2  
  177  11:59  Marine  
  177  12:00  Marine  
  183  12:03  Marine  
  183  12:04  Starport Tech Lab  
  176  12:10  Marine  
  176  12:11  Marine  
  178  12:16  SCV, Marauder  
  178  12:17  SCV x3, Marauder  
  178  12:18  Starport  
  182  12:28  SCV  
Tags
 
Composition
MMM Bio
Matchup
TvZ
Opening
Pool First
Spawn Locations
Cross Positions
Add a new tag
Caveats
  • Supply blocks, unpowered buildings, or Contaminate may cause inaccurate times.
  • Supply counts are checked every 10 seconds.